 Dungeon Crawl Stone Soup version 0.25-a0-96-g4073cf80fb (webtiles) character file.

Game seed: 15469225868072695492, levelgen mode: deterministic

817 MisterFreud the Ducker (level 7, -11/45 HPs)
             Began as an Octopode Gladiator on Nov 11, 2019.
             Mangled by an ogre
             ... wielding a +0 giant club
              (13 damage)
             ... on level 4 of the Dungeon.
             The game lasted 00:07:11 (4507 turns).

MisterFreud the Ducker (Octopode Gladiator)         Turns: 4507, Time: 00:07:12

Health: -11/45     AC:  1    Str: 14    XL:     7   Next: 94%
Magic:  7/7        EV: 17    Int: 12    God:
Gold:   90         SH:  0    Dex: 13    Spells: 6/6 levels left

rFire    . . .     SeeInvis .   a - +1 long sword
rCold    . . .     Gourm    .   (no shield)
rNeg     + . .     Faith    .   b - +0 hat
rPois    .         Spirit   .   (no amulet)
rElec    .         Reflect  .   n - ring of positive energy
rCorr    .         Harm     .   (no ring)
MR       .....                  (no ring)
Stlth    ++........             (no ring)
HPRegen  0.15/turn              (no ring)
MPRegen  0.10/turn              (no ring)
                                (no ring)
                                (no ring)

@: no status effects
A: almost no armour, stealthy swim, amphibious, 8 rings, constrict 8, camouflage
1, gelatinous body 1
a: no special abilities


You were on level 4 of the Dungeon.
You were not hungry.

You visited 1 branch of the dungeon, and saw 4 of its levels.

You collected 90 gold pieces.

Inventory:

Hand Weapons
 a - a +1 long sword (weapon)
Missiles
 c - 5 throwing nets (quivered)
 g - 81 arrows
 i - 42 bolts
 m - 146 stones
 x - 23 sling bullets
Armour
 b - a +0 hat (worn)
Jewellery
 n - a ring of positive energy (left tentacle)
Wands
 y - a wand of random effects (7)
 z - a wand of clouds (4)
 D - a wand of paralysis (7)
Scrolls
 j - 3 scrolls of teleportation
 l - 2 scrolls of enchant weapon
 o - a scroll of amnesia {unknown}
 p - a scroll of fear {unknown}
 q - a scroll of blinking {unknown}
 t - a scroll of immolation {unknown}
 A - a scroll of enchant armour {unknown}
 C - a scroll of fog {unknown}
Potions
 e - a potion of lignification {unknown}
 f - 2 potions of might {unknown}
 h - a potion of agility {unknown}
 k - a potion of degeneration {unknown}
 r - 2 potions of curing
 s - 3 potions of cancellation
 u - a potion of mutation {unknown}
 v - 2 potions of flight
 w - a potion of heal wounds
Comestibles
 d - 10 rations
 B - 3 chunks of flesh


   Skills:
 - Level 2.0 Fighting
 - Level 6.0 Long Blades
 - Level 2.0 Throwing
 + Level 7.5 Dodging


You had 6 spell levels left.
You didn't know any spells.
Your spell library was empty.

Dungeon Overview and Level Annotations

Branches:
Dungeon (4/15)
 Temple: D:4-7

Altars:


Innate Abilities, Weirdness & Mutations

You cannot wear most types of armour.
You are very stealthy in the water. (Stealth+)
You are amphibious.
You can wear up to eight rings at the same time.
You can use your tentacles to constrict eight enemies at once.
Your skin changes colour to match your surroundings (Stealth+).
Your rubbery body absorbs attacks. (AC +1, EV +1)


Message History

The ogre misses you.
You hit the ogre but do no damage. The ogre completely misses you.
You closely miss the ogre. You hit the ogre.
The ogre is lightly wounded.
The ogre hits you with a +0 giant club!
You slash the ogre! You squeeze the ogre, but do no damage.
The ogre is heavily wounded.
The ogre hits you with a +0 giant club!
You hit the ogre. You squeeze the ogre.
The ogre is severely wounded.
The ogre closely misses you.
You hit the ogre.
The ogre is severely wounded.
The ogre hits you with a +0 giant club!!
* * * LOW HITPOINT WARNING * * *
You hit the ogre. Your squeeze misses the ogre.
The ogre is severely wounded.
The ogre hits you with a +0 giant club!
You die...

# .# .## ..#
#+# #.# .
#.o: #O#
..###o###@###
#...#o#.....#
##..###.....#
........###.#
#######.#...#
#.#.#.. #.#.#
#. ######.#.#
.# #........#


You could see an ogre.

Vanquished Creatures
  Grinder (D:4)
  Sigmund (D:3)
  An ogre (D:4)
  Blork the orc (D:4)
  A hound (D:4)
  Ijyb (D:3)
  An iguana (D:4)
  Robin (D:3)
  6 gnolls
  6 adders
  An ooze (D:1)
  2 worms (D:2)
  3 dart slugs (D:2)
  4 leopard geckos
  5 orcs
  4 giant cockroaches
  20 goblins
  4 hobgoblins
  4 jackals (D:4)
  3 quokkas
  2 ball pythons (D:4)
  5 bats
  3 frilled lizards
  12 kobolds
  12 rats
104 creatures vanquished.

Notes
Turn   | Place    | Note
-------+----------+-------------------------------------------
     0 | D:1      | MisterFreud the Octopode Gladiator began the quest for the
                  | Orb.
     0 | D:1      | Reached XP level 1. HP: 14/14 MP: 1/1
   120 | D:1      | Reached XP level 2. HP: 12/19 MP: 2/2
   886 | D:2      | Reached XP level 3. HP: 24/24 MP: 3/3
   985 | D:2      | Reached XP level 4. HP: 19/29 MP: 4/4
  1184 | D:2      | Reached skill level 5 in Long Blades
  1658 | D:2      | Reached XP level 5. HP: 25/34 MP: 5/5
  2154 | D:3      | Noticed Sigmund
  2510 | D:3      | Killed Sigmund
  2510 | D:3      | Reached skill level 4 in Dodging
  2510 | D:3      | Reached XP level 6. HP: 39/39 MP: 6/6
  2539 | D:3      | Noticed Robin
  2561 | D:3      | Reached skill level 5 in Dodging
  2833 | D:3      | Killed Robin
  3448 | D:3      | Noticed Ijyb
  3480 | D:3      | Killed Ijyb
  3600 | D:4      | Noticed Grinder
  3613 | D:4      | Killed Grinder
  3613 | D:4      | Reached skill level 6 in Dodging
  3613 | D:4      | Reached XP level 7. HP: 30/45 MP: 7/7
  4148 | D:4      | Reached skill level 7 in Dodging
  4275 | D:4      | Noticed Blork the orc
  4413 | D:4      | Killed Blork the orc
  4506 | D:4      | HP: 2/45 [ogre/+0 giant club (21)]
  4507 | D:4      | Mangled by an ogre

Levels and vault maps discovered:
D:1:      ncdulo_watergridlock, layout_rooms
D:2:      layout_rooms, first_ration, minmay_indecisive_spiral
D:3:      kennysheep_the_goblin_king, layout_basic, uniq_sigmund, uniq_robin
D:4:      layout_basic, st_stairs_5, minmay_a_box_with_orc_wizards_in_it,
          uniq_blork_the_orc, uniq_grinder

Skill      XL: |  1  2  3  4  5  6  7 |
---------------+----------------------+-----
Long Blades    | 4 5 6 |  6.0
Dodging        | 4 6 7 |  7.5
Fighting       | |  2.0
Throwing       | |  2.0

Action                   |  1- 3 |  4- 6 |  7- 9 || total
-------------------------+-------+-------+-------++-------
Melee: Long sword        |    38 |   125 |    32 ||   195
       Constrict         |    15 |    49 |     7 ||    71
       Tentacles         |     6 |    35 |    12 ||    53
Evoke: Wand              |       |       |     1 ||     1
  Use: Potion            |     1 |       |       ||     1
       Scroll            |       |       |     5 ||     5
 Stab: Sleeping          |     1 |     2 |     1 ||     4
  Eat: Chunk             |       |     9 |     2 ||    11
Armor: Skin              |     1 |     9 |     1 ||    11
Dodge: Dodged            |    37 |   107 |    33 ||   177
       Rpst.: Long sword |    11 |    34 |    11 ||    56

Table legend:
 A = Non-vault XP
 B = Vault XP
 C = Vault XP percentage of total XP
 D = Non-vault monster count
 E = Vault monster count
 F = Vault count percentage of total count
                 A         B        C        D         E       F
            +---------+---------+-------+---------+---------+-------
      Total |     491 |     677 |  58.0 |      77 |      27 |  26.0
            +---------+---------+-------+---------+---------+-------
        D:1 |      35 |       0 |   0.0 |      13 |       0 |   0.0
        D:2 |     157 |      12 |   7.1 |      29 |       6 |  17.1
        D:3 |      86 |     305 |  78.0 |      25 |      18 |  41.9
        D:4 |     213 |     360 |  62.8 |      10 |       3 |  23.1
            +---------+---------+-------+---------+---------+-------
